 Dungeon Crawl Stone Soup version 0.23-a0-49-gd9f7a49 (webtiles) character file.

58 Mgcat the Chopper (level 4, 0/33 HPs)
             Began as an Octopode Berserker on Aug 7, 2018.
             Was a Believer of Trog.
             Slain by a hound (5 damage)
             ... on level 2 of the Dungeon.
             The game lasted 00:05:01 (1052 turns).

Mgcat the Chopper (Octopode Berserker)              Turns: 1052, Time: 00:05:02

Health: 0/33       AC:  1    Str: 17    XL:     4   Next: 1%
Magic:  4/4        EV: 14    Int:  9    God:    Trog [**....]
Gold:   119        SH:  0    Dex: 11    Spells: 3/3 levels left

rFire    . . .     SeeInvis .   a - +0 hand axe
rCold    . . .     Gourm    .   (no shield)
rNeg     . . .     Faith    .   (helmet restricted)
rPois    .         Spirit   .   (no amulet)
rElec    .         Reflect  .   g - ring of teleportation (curse) {+/*tele, !d}
rCorr    .         Harm     .   (no ring)
MR       .....     Rnd*Tele +   (no ring)
Stlth    ++........             (no ring)
HPRegen  0.11/turn              (no ring)
MPRegen  0.09/turn              (no ring)
                                (no ring)
                                (no ring)

@: no status effects
A: almost no armour, stealthy swim, amphibious, 8 rings, constrict 8, camouflage
1, gelatinous body 1
a: Berserk, Trog's Hand, Renounce Religion


You were on level 2 of the Dungeon.
You worshipped Trog.
Trog was pleased with you.
You were not hungry.

You visited 1 branch of the dungeon, and saw 2 of its levels.

You collected 119 gold pieces.

Inventory:

Hand Weapons
 a - a +0 hand axe (weapon)
Jewellery
 g - a cursed ring of teleportation (left tentacle) {+/*tele, !d}
   (You found it on level 1 of the Dungeon)
Scrolls
 c - 4 scrolls of identify {unknown}
 e - a scroll of fog {unknown}
 f - a scroll of teleportation {unknown}
Potions
 h - a potion of cancellation {unknown}
Comestibles
 b - 5 rations
 d - 4 chunks of flesh {@w0}


   Skills:
 + Level 3.9 Fighting
 + Level 4.0 Axes
 - Level 3.0 Dodging


You had 3 spell levels left.
You didn't know any spells.
Your spell library was empty.

Dungeon Overview and Level Annotations

Branches:
Dungeon (2/15)

Altars:
Yredelemnul


Innate Abilities, Weirdness & Mutations

You cannot wear most types of armour.
You are very stealthy in the water. (Stealth+)
You are amphibious.
You can wear up to eight rings at the same time.
You can use your tentacles to constrict eight enemies at once.
Your skin changes colour to match your surroundings (Stealth+).
Your rubbery body absorbs attacks. (AC +1, EV +1)


Message History

You now have 119 gold pieces (gained 11).
There is an open door here.
Found a stone staircase leading down.
The jackal is too close now for your liking.
The jackal barks!
You hear a bark!
You hear a shout!
A kobold comes into view.
The kobold shouts!
A jackal comes into view.
The jackal closely misses you. The jackal misses you.
You hit the jackal but do no damage. You grab the jackal.
You constrict the jackal. The jackal closely misses you.
You barely miss the jackal.
The jackal is heavily wounded.
You constrict the jackal. The jackal closely misses you.
The jackal bites you. x2
You barely miss the jackal.
The jackal is severely wounded.
You hit the jackal but do no damage. You constrict the jackal.
You kill the jackal!
Trog accepts your kill. The jackal bites you.
A rat comes into view.
You hit the jackal. Your grab misses the jackal.
The jackal is almost dead.
The jackal barely misses you. The jackal bites you.
You hit the jackal.
You kill the jackal!
Trog accepts your kill.
You hit the kobold but do no damage. The kobold hits you.
You barely miss the kobold. You grab the kobold. You constrict the kobold.
The kobold hits you.
You hit the kobold but do no damage.
The kobold is severely wounded.
You constrict the kobold.
You kill the kobold!
Trog accepts your kill.
You slash the rat!
You kill the rat!
Trog accepts your kill.
An adder comes into view.
An adder is nearby!
An adder is nearby!
An adder is nearby!
An adder is nearby!
There is an open door here.
The adder is too close now for your liking.
An adder is nearby!
The adder hisses angrily.
You closely miss the adder. You grab the adder. You constrict the adder.
The adder closely misses you. The adder barely misses you.
You hit the adder. You squeeze the adder.
You kill the adder!
Trog accepts your kill.
You see here an adder corpse.
HP restored.
You butcher the adder corpse.
d - 2 chunks of flesh {@w0} (gained 1)
There is an open door here.
You butcher the jackal corpse.
d - 4 chunks of flesh {@w0} (gained 2)
b - 5 rations (gained 1)
A worm comes into view.
A hound comes into view.
Found a stone staircase leading up.
The worm bites you!
The hound barks!
You hear an angry hiss.
You hit the worm but do no damage. You grab the worm. You constrict the worm.
The worm barely misses you.
You slash the worm!
The worm is heavily wounded.
You barely miss the hound. You constrict the worm.
The hound bites you but does no damage.
An adder comes into view.
The hound closely misses you.
You hit the worm.
You kill the worm!
Trog accepts your kill.
Your Axes skill increases to level 4!
You have reached level 4!
You barely miss the hound. The hound misses you. The hound bites you.
Unknown command.
You hit the hound. Your grab misses the hound. Your squeeze misses the hound.
The hound is moderately wounded.
The hound bites you.
You hit the hound. Your grab misses the hound.
The hound is heavily wounded.
The hound bites you. x2; The adder bites you.
You closely miss the hound. Your grab misses the hound.
The hound is heavily wounded.
You hit the adder. The hound misses you. The adder barely misses you.
The hound bites you.
You barely miss the adder. Your grab misses the adder.
The adder is lightly wounded.
You barely miss the hound. The adder bites you.
* * * LOW HITPOINT WARNING * * *
The hound closely misses you. The adder bites you.
* * * LOW HITPOINT WARNING * * *
You barely miss the hound. You grab the hound. You squeeze the hound!
The hound is almost dead.
You closely miss the adder. You constrict the hound. The hound bites you.
You die...

...........+.......
#.###.........#......#
#.#..................#
#................#.).#
............#....#...#
............#....#...###
............##..........
............##........##
......h@†...##........#
......S.....##........#
............#...>.....#
............#.....#+###
..#......<..#.#.... #
#.#####.#.#.###### #.
.#.# # .# #


You could see a hound and an adder.

Vanquished Creatures
  2 adders (D:2)
  A worm (D:2)
  A leopard gecko (D:1)
  3 giant cockroaches (D:1)
  3 goblins
  4 hobgoblins
  5 jackals
  5 bats
  A frilled lizard (D:1)
  4 kobolds
  5 rats
34 creatures vanquished.

Notes
Turn   | Place    | Note
-------+----------+-------------------------------------------
     0 | D:1      | Mgcat the Octopode Berserker began the quest for the Orb.
     0 | D:1      | Reached XP level 1. HP: 16/16 MP: 1/1
    75 | D:1      | HP: 3/16 [jackal (2)]
    76 | D:1      | Reached XP level 2. HP: 5/21 MP: 2/2
   626 | D:1      | Reached XP level 3. HP: 26/26 MP: 3/3
   871 | D:2      | Found a basalt altar of Yredelemnul.
   897 | D:2      | Reached ** piety under Trog
  1047 | D:2      | Reached skill level 4 in Axes
  1047 | D:2      | Reached XP level 4. HP: 17/33 MP: 4/4
  1051 | D:2      | HP: 8/33 [adder (2)]
  1052 | D:2      | Slain by a hound

Vault maps used:
D:1:      lemuel_arrival_lava_pool, hangedman_glass_teeth,
          hangedman_decor_points
D:2:      lemuel_doored_altar, minmay_small_reverse_x, uniq_crazy_yiuf_cottage

Skill      XL: |  1  2  3 |
---------------+----------+-----
Axes           | 4 |  4.0
Fighting       | |  3.9
Dodging        | |  3.0

Action                   |  1- 3 |  4- 6 || total
-------------------------+-------+-------++-------
Melee: Hand axe          |    65 |     5 ||    70
       Constrict         |    17 |     1 ||    18
       Tentacles         |    11 |     1 ||    12
 Stab: Sleeping          |     4 |       ||     4
Armor: Skin              |     5 |       ||     5
Dodge: Dodged            |    50 |     4 ||    54

Table legend:
 A = Spawn XP
 B = Non-spawn XP
 C = Spawn XP percentage of total XP
 D = Spawn monster count
 E = Non-spawn monster count
 F = Spawn count percentage of total count
 G = Total turns spent on level
                    A         B        C        D         E        F      G
               +---------+---------+-------+---------+---------+-------+---------
         Total |       0 |      83 |   0.0 |       0 |      34 |   0.0 |  1052
               +---------+---------+-------+---------+---------+-------+---------
           D:1 |       0 |      40 |   0.0 |       0 |      24 |   0.0 |   845
           D:2 |       0 |      43 |   0.0 |       0 |      10 |   0.0 |   207
               +---------+---------+-------+---------+---------+-------+---------

Vault maps used:
D:1:      lemuel_arrival_lava_pool, hangedman_glass_teeth,
          hangedman_decor_points
D:2:      lemuel_doored_altar, minmay_small_reverse_x, uniq_crazy_yiuf_cottage

Table legend:
 A = Turns spent in this place as a percentage of turns spent in the entire game.
 B = Non-inter-level travel turns spent in this place as a percentage of non-inter-level travel turns spent in the entire game.
 C = Inter-level travel turns spent in this place as a percentage of turns spent in this place.
 D = Turns resting spent in this place as a percentage of non-inter-level travel turns spent in this place.
 E = Turns spent auto-exploring this place as a percentage of non-inter-level travel turns spent in this place.
 F = Non-inter-level travel turns spent in this place divided by the number of levels of this place that you've seen.
                   A       B       C       D       E      F
               +-------+-------+-------+-------+-------+----------------------
         Total | 100.0 | 100.0 |   0.8 |   0.0 |  78.1 | 522.0
       Dungeon | 100.0 | 100.0 |   0.8 |   0.0 |  78.1 | 522.0
               +-------+-------+-------+-------+-------+----------------------

Table legend:
 A = Kills in this place as a percentage of kills in entire the game.
 B = Kills by you in this place as a percentage of kills by you in the entire game.
 C = Kills by friends in this place as a percentage of kills by friends in the entire game.
 D = Other kills in this place as a percentage of other kills in the entire game.
 E = Experience gained in this place as a percentage of experience gained in the entire game.
 F = Experience gained in this place divided by the number of levels of this place that you have seen.
                   A       B       C       D       E      F
               +-------+-------+-------+-------+-------+----------------------
         Total | 100.0 | 100.0 |   N/A |   N/A | 100.0 |  41.5
       Dungeon | 100.0 | 100.0 |   N/A |   N/A | 100.0 |  41.5
               +-------+-------+-------+-------+-------+----------------------
